Map: Taito Citadel LE

Players

HoldTheDoor - Winner!

  • Race: Protoss Protoss
  • League: Diamond
  • Spawn Location: 11:00

Tempestas

  • Race: Protoss Protoss
  • League: Platinum
  • Spawn Location: 5:00

VOD

Have the link to the VOD?

Description

Time

  • Played on: May 12, 2026, 11:01 a.m.
  • Length: 18:50
Show
View Real Time Build Order
Export as new Build Order

HoldTheDoor Protoss - Winner!

Build Orders:  

Get SALT Encoding   

  12  0:00  Probe  
  13  0:12  Probe  
  14  0:18  Pylon  
  14  0:24  Probe  
  15  0:32  Probe  
  15  0:42  Probe  
  16  0:44  Gateway  
  17  0:50  Assimilator  
  17  0:54  Probe  
  18  1:06  Probe  
  18  1:07  Assimilator  
  18  1:11  Assimilator  
  20  1:18  Probe  
  20  1:30  Probe  
  21  1:33  Cybernetics Core  
  21  1:38  Pylon  
  21  1:42  Probe  
  22  1:54  Probe  
  22  1:59  Adept  
  23  2:06  Probe  
  24  2:10  Warp Gate  
  26  2:18  Pylon  
  26  2:20  Probe  
  27  2:27  Stalker  
  27  2:30  Gateway  
  29  2:57  Stargate  
  29  2:59  Shield Battery, Probe  
  30  3:07  Sentry  
  30  3:11  Probe  
  33  3:15  Pylon  
  33  3:21  Nexus  
  31  3:48  Probe  
  32  4:01  Probe  
  33  4:04  Twilight Council  
  33  4:05  Robotics Facility  
  33  4:08  Gateway  
  33  4:10  Zealot, Gateway  
  33  4:12  Sentry  
  33  4:13  Probe  
  38  4:22  Phoenix  
  40  4:25  Probe  
  40  4:28  Pylon  
  41  4:34  Probe  
  42  4:39  Probe  
  42  4:41  Charge  
  43  4:46  Zealot  
  43  4:50  Zealot  
  47  4:56  Shield Battery  
  47  5:03  Zealot  
  47  5:06  Zealot  
  47  5:07  Probe  
  52  5:09  Probe  
  52  5:12  Observer  
  54  5:19  Probe  
  55  5:21  Probe  
  56  5:29  Assimilator  
  56  5:31  Probe  
  56  5:33  Probe  
  58  5:37  Immortal  
  62  5:43  Probe  
  62  5:45  Pylon  
  62  5:46  Probe  
  62  5:49  Pylon  
  64  5:53  Phoenix  
  64  5:55  Probe  
  67  5:57  Pylon  
  67  6:00  Pylon  
  67  6:01  Protoss Air Weapons Level 1  
  67  6:02  Probe  
  68  6:13  Nexus  
  68  6:18  Pylon  
  68  6:24  Immortal  
  72  6:29  Zealot  
  74  6:35  Zealot, Assimilator  
  74  6:37  Sentry  
  78  6:42  Probe x2  
  80  6:50  Fleet Beacon  
  80  6:54  Probe  
  81  7:11  Stalker x4  
  81  7:14  Blink  
  89  7:17  Probe x2  
  91  7:24  Observer  
  91  7:29  Probe x2  
  94  7:39  Forge  
  94  7:40  Probe  
  94  7:41  Pylon  
  95  7:44  Stalker x4  
  95  7:47  Probe  
  95  7:50  Assimilator  
  104  8:03  Carrier  
  110  8:13  Photon Cannon  
  110  8:16  Photon Cannon  
  110  8:18  Probe  
  111  8:22  Assimilator  
  111  8:24  Pylon, Photon Cannon  
  111  8:26  Pylon  
  111  8:30  Photon Cannon  
  111  8:38  Zealot x3  
  111  8:39  Zealot  
  119  8:50  Gateway  
  119  8:52  Gateway  
  119  8:53  Gateway  
  119  8:59  Probe x2  
  119  9:01  Gateway  
  121  9:04  Protoss Ground Weapons Level 1  
  121  9:06  Probe  
  121  9:07  Photon Cannon  
  122  9:13  Shield Battery  
  122  9:17  Protoss Air Armor Level 1  
  122  9:19  Tempest  
  126  9:31  Stargate  
  126  9:35  Stargate  
  126  9:37  Probe  
  126  9:38  Probe x2  
  128  9:44  Stalker  
  131  9:46  Stalker  
  133  10:06  Stalker  
  135  10:07  Stalker x4  
  135  10:08  Stalker  
  135  10:11  Stalker  
  147  10:26  Pylon  
  147  10:29  Pylon  
  147  10:31  Pylon  
  147  10:43  Tempest x2  
  147  10:47  Tempest  
  147  10:49  Pylon  
  159  10:50  Probe x2  
  159  10:51  Protoss Ground Armor Level 1  
  159  10:54  Photon Cannon  
  159  10:56  Pylon  
  161  11:04  Photon Cannon  
  161  11:05  Photon Cannon  
  161  11:06  Shield Battery  
  161  11:08  Pylon  
  161  11:17  Protoss Air Armor Level 2  
  161  11:22  Forge  
  161  11:23  Pylon  
  161  11:25  Anion Pulse-Crystals  
  161  11:29  Tempest  
  165  11:35  Tempest  
  169  11:46  Pylon  
  169  11:51  Tempest  
  169  11:53  Pylon  
  169  11:54  Stalker x2  
  177  12:05  Protoss Ground Weapons Level 2  
  177  12:08  Nexus  
  177  12:11  Pylon  
  177  12:14  Pylon  
  177  12:19  Tempest  
  177  12:21  Tempest  
  185  12:41  Tempest  
  189  12:52  Stargate  
  189  13:07  Pylon  
  189  13:12  Protoss Ground Armor Level 2, Pylon  
  189  13:17  Photon Cannon x2  
  189  13:20  Pylon, Photon Cannon  
  189  13:21  Photon Cannon  
  189  13:26  Pylon, Shield Battery x2, Probe x2  
  189  13:27  Probe x2  
  192  13:28  Assimilator  
  192  13:29  Tempest  
  192  13:30  Assimilator  
  197  13:43  Protoss Air Weapons Level 2  
  193  14:04  Photon Cannon  
  193  14:05  Photon Cannon  
  193  14:09  Photon Cannon  
  193  14:10  Unknown  
  193  14:11  Protoss Ground Weapons Level 3, Photon Cannon  
  193  14:12  Pylon  
  193  14:36  Stargate  
  193  14:41  Gateway  
  193  14:43  Gateway  
  193  14:48  Gateway x2  
  193  14:51  Gateway  
  193  14:53  Gateway  
  193  14:54  Gateway  
  193  14:59  Gateway  
  193  15:03  Gateway  
  193  15:05  Gateway  
  193  15:07  Zealot  
  193  15:10  Pylon  
  195  15:29  Photon Cannon  
  195  15:31  Photon Cannon  
  195  15:33  Pylon  
  193  15:35  Pylon  
  166  15:54  Stalker x3  
  166  15:55  Stalker x7  
  142  16:18  Tempest  
  142  16:19  Tempest  
  140  16:40  Stalker x6  
  122  17:13  Tempest x3  
  134  17:17  Stalker x2  
  138  17:42  Stalker  
  140  17:49  Stalker  
  140  17:50  Stalker  
  144  17:56  Tempest x2  
  152  18:06  Photon Cannon  
  152  18:08  Stalker x3  
  134  18:27  Stalker x3  
  134  18:28  Stalker x3  
Show
View Real Time Build Order
Export as new Build Order

Tempestas Protoss 

Build Orders: Carriers 

Get SALT Encoding   

  12  0:00  Probe  
  13  0:13  Probe  
  14  0:19  Pylon  
  14  0:25  Probe  
  15  0:37  Probe  
  15  0:40  Gateway  
  16  0:48  Assimilator  
  16  0:49  Probe  
  17  1:01  Probe  
  17  1:04  Pylon  
  18  1:10  Probe  
  18  1:18  Probe  
  20  1:28  Zealot  
  20  1:29  Cybernetics Core  
  20  1:31  Probe  
  23  1:43  Probe  
  24  1:53  Pylon  
  24  1:57  Gateway  
  23  2:05  Probe  
  24  2:09  Warp Gate  
  24  2:17  Stalker, Probe  
  27  2:24  Forge  
  27  2:29  Probe  
  28  2:46  Probe  
  28  2:56  Nexus  
  28  3:00  Photon Cannon  
  28  3:11  Assimilator  
  28  3:14  Pylon  
  28  3:19  Sentry  
  30  3:20  Sentry  
  32  3:28  Pylon  
  32  3:32  Probe  
  32  3:54  Shield Battery  
  32  3:55  Shield Battery  
  32  3:59  Probe  
  32  4:01  Robotics Facility  
  33  4:09  Probe  
  33  4:10  Probe  
  33  4:13  Stalker  
  37  4:18  Probe x2  
  39  4:25  Pylon  
  39  4:26  Probe  
  39  4:27  Probe  
  41  4:37  Photon Cannon  
  41  4:44  Probe  
  42  4:49  Probe, Photon Cannon  
  43  4:53  Stalker  
  43  4:56  Probe  
  43  4:59  Observer  
  47  5:09  Zealot  
  47  5:12  Assimilator  
  49  5:14  Assimilator  
  49  5:15  Probe x2  
  49  5:40  Probe  
  49  5:41  Probe  
  51  5:53  Probe x2  
  51  5:55  Photon Cannon  
  53  5:58  Photon Cannon  
  53  6:04  Gateway  
  53  6:05  Probe x2, Gateway  
  53  6:07  Gateway  
  55  6:17  Stalker x2  
  59  6:36  Stargate  
  59  6:38  Stargate  
  59  7:04  Immortal  
  63  7:17  Nexus  
  63  7:22  Pylon  
  63  7:24  Pylon  
  63  7:29  Fleet Beacon  
  63  7:32  Assimilator  
  63  7:37  Assimilator  
  63  7:43  Zealot  
  63  7:44  Zealot x4  
  73  7:57  Photon Cannon  
  72  7:59  Photon Cannon  
  72  8:01  Photon Cannon  
  72  8:02  Probe x2, Carrier  
  72  8:03  Photon Cannon  
  72  8:05  Photon Cannon  
  74  8:07  Photon Cannon  
  74  8:09  Carrier, Photon Cannon  
  80  8:14  Probe  
  87  8:24  Pylon  
  87  8:29  Pylon  
  87  8:31  Probe x2  
  89  8:52  Probe x3, Protoss Air Weapons Level 1  
  92  9:04  Probe x2  
  92  9:06  Carrier  
  100  9:16  Shield Battery  
  100  9:17  Probe x3  
  100  9:18  Shield Battery  
  100  9:19  Shield Battery  
  100  9:24  Zealot x3  
  105  9:25  Zealot  
  111  9:33  Carrier  
  117  9:48  Probe  
  118  9:59  Carrier  
  118  10:02  Nexus  
  116  10:08  Pylon  
  116  10:11  Pylon  
  122  10:14  Pylon  
  122  10:20  Carrier  
  122  10:24  Pylon  
  122  10:25  Pylon  
  122  10:30  Pylon  
  128  10:44  Probe x2  
  128  10:45  Probe  
  128  10:47  Pylon  
  131  10:52  Photon Cannon  
  131  10:54  Photon Cannon  
  131  10:55  Carrier  
  137  11:06  Warp Prism  
  139  11:14  Twilight Council, Protoss Shields Level 1  
  139  11:24  Carrier  
  145  11:36  Pylon  
  145  11:40  Observer  
  145  11:44  Protoss Air Weapons Level 2  
  146  11:53  Dark Shrine  
  146  12:00  Zealot x2  
  146  12:01  Zealot x2  
  154  12:11  Observer  
  154  12:13  Carrier  
  161  12:22  Gateway  
  161  12:25  Gateway  
  161  12:32  Gateway  
  161  12:33  Carrier  
  167  12:43  Pylon  
  167  12:45  Pylon  
  157  12:54  Probe  
  157  12:55  Probe x3  
  161  13:06  Stargate  
  161  13:08  Stargate  
  161  13:11  Dark Templar  
  163  13:15  Dark Templar  
  163  13:19  Zealot x2  
  169  13:20  Zealot x2  
  173  13:38  Nexus  
  173  13:40  Pylon  
  173  13:42  Pylon  
  173  13:43  Assimilator  
  173  13:45  Assimilator  
  173  13:53  Tempest x3  
  183  14:11  Unknown  
  183  14:14  Tempest  
  179  14:27  Tempest x3  
  189  14:42  Zealot  
  191  14:59  Mothership  
  199  15:27  Dark Templar  
  109  16:09  Stalker x5  
  109  16:10  Stalker x3  
  125  16:15  Tempest x4  
  117  16:58  Tempest x2  
  90  17:18  Stalker  
  90  17:19  Stalker x4  
  90  17:20  Stalker x3  
  90  17:22  Tempest  
  110  17:34  Nexus  
  110  17:43  Tempest  
  114  17:46  Zealot x4  
  114  17:47  Zealot x4  
Tags
 
Composition
Carriers
Matchup
PvP
Replay Pack
SC2Mai2026
Spawn Locations
Cross Positions
Add a new tag
Caveats
  • Supply blocks, unpowered buildings, or Contaminate may cause inaccurate times.
  • Supply counts are checked every 10 seconds.